| TOP OF THE 1ST |
|
Houston Colt .45's batting - Pitching for Americus Braves : LHP Ji-chol Lee
|
|
Pitching: LHP Ji-chol Lee
|
|
|
Batting: RHB Josh Reisner
|
0-0: Called Strike 0-1: Ground out 5-3 (Groundball, 5S, EV 80.6 MPH)
|
|
Batting: RHB Arnold Schuler
|
0-0: Foul Ball, location: 2F 0-1: Ball 1-1: Ball 2-1: Ball 3-1: Base on Balls
|
|
Batting: RHB Bill Borden
|
0-0: Ball 1-0: Ball 2-0: Foul Ball, location: 2F 2-1: Swinging Strike 2-2: Strikes out swinging
|
|
Batting: RHB Jarno van Lente
|
0-0: Ball 1-0: Called Strike 1-1: SINGLE (Line Drive, 7LM, EV 92.5 MPH) Arnold Schuler to second
|
|
Batting: RHB Jamie Walker
|
0-0: Ball 1-0: Called Strike 1-1: Fly out, F9 (Flyball, 9LD, EV 81.9 MPH)
|
| Top of the 1st over - 0 runs, 1 hit, 0 errors, 2 left on base; Houston 0 - Americus 0 |
| BOTTOM OF THE 1ST |
|
Americus Braves batting - Pitching for Houston Colt .45's : LHP Manny Muniz
|
|
Pitching: LHP Manny Muniz
|
|
|
Batting: RHB Alex Guerra
|
0-0: Called Strike 0-1: Swinging Strike 0-2: Ball 1-2: Strikes out swinging
|
|
Batting: RHB Wilson Salgado
|
0-0: Foul Ball, location: 2F 0-1: Ball 1-1: Ball 2-1: Ball 3-1: Foul Ball, location: 2F 3-2: Base on Balls
|
|
Batting: RHB Ryan Cole
|
0-0: Called Strike 0-1: Foul Ball, location: 2F 0-2: Ball 1-2: Ball 2-2: Ball 3-2: Base on Balls Wilson Salgado to second
|
|
Batting: RHB Jose Hurtado
|
0-0: Ball 1-0: Ball 2-0: Ball 3-0: Called Strike 3-1: Foul Ball, location: 2F 3-2: Strikes out swinging
|
|
Batting: RHB Juan Gonzalez
|
0-0: Called Strike 0-1: Foul Ball, location: 2F 0-2: Fly out, F9 (Flyball, 89M, EV 89.4 MPH)
|
| Bottom of the 1st over - 0 runs, 0 hits, 0 errors, 2 left on base; Houston 0 - Americus 0 |
| TOP OF THE 2ND |
|
Houston Colt .45's batting - Pitching for Americus Braves : LHP Ji-chol Lee
|
|
Batting: LHB Bert Middleton
|
0-0: Ball 1-0: Ball 2-0: Ball 3-0: Called Strike 3-1: Ground out 1-3 (Groundball, 13S, EV 70.6 MPH)
|
|
Batting: RHB Patrick Pinault
|
0-0: Fly out, F8 (Flyball, 89D, EV 97.5 MPH)
|
|
Batting: RHB Jesus Diego
|
0-0: Called Strike 0-1: Foul Ball, location: 2F 0-2: Foul Ball, location: 2F 0-2: Ball 1-2: Strikes out swinging
|
| Top of the 2nd over - 0 runs, 0 hits, 0 errors, 0 left on base; Houston 0 - Americus 0 |
| BOTTOM OF THE 2ND |
|
Americus Braves batting - Pitching for Houston Colt .45's : LHP Manny Muniz
|
|
Batting: RHB Josh Maxwell
|
0-0: Ball 1-0: Called Strike 1-1: Foul Ball, location: 2F 1-2: Ball 2-2: Fly out, F9 (Line Drive, 9S, EV 85.6 MPH)
|
|
Batting: RHB Bart Stevensdick
|
0-0: Ball 1-0: Fly out, F8 (Flyball, 8LD, EV 95.0 MPH)
|
|
Batting: LHB Pappy Sterile
|
0-0: Fly out, F9 (Flyball, 9LSF, EV 84.4 MPH)
|
| Bottom of the 2nd over - 0 runs, 0 hits, 0 errors, 0 left on base; Houston 0 - Americus 0 |
| TOP OF THE 3RD |
|
Houston Colt .45's batting - Pitching for Americus Braves : LHP Ji-chol Lee
|
|
Batting: LHB Guadalupe Gonzalez
|
0-0: Foul Ball, location: 2F 0-1: Foul Ball, location: 2F 0-2: Ball 1-2: SOLO HOME RUN (Line Drive, 7D, EV 104.4 MPH), Distance : 407 ft
|
|
Batting: RHB Josh Reisner
|
0-0: Fly out, F8 (Line Drive, 8RM, EV 84.4 MPH)
|
|
Batting: RHB Arnold Schuler
|
0-0: Ball 1-0: Called Strike 1-1: Foul Ball, location: 2F 1-2: Strikes out swinging
|
|
Batting: RHB Bill Borden
|
0-0: Ball 1-0: Ball 2-0: Called Strike 2-1: Foul Ball, location: 2F 2-2: Ball 3-2: Ground out 4-3 (Groundball, 4, EV 83.1 MPH)
|
| Top of the 3rd over - 1 run, 1 hit, 0 errors, 0 left on base; Houston 1 - Americus 0 |
| BOTTOM OF THE 3RD |
|
Americus Braves batting - Pitching for Houston Colt .45's : LHP Manny Muniz
|
|
Batting: RHB Chris Foss
|
0-0: Ball 1-0: Foul Ball, location: 2F 1-1: SINGLE (Line Drive, 78S, EV 89.4 MPH)
|
|
Batting: RHB Alex Guerra
|
0-0: Ball Passed Ball! Chris Foss to second 1-0: Called Strike 1-1: Ball 2-1: Swinging Strike 2-2: Foul Ball, location: 2F 2-2: Ball 3-2: Strikes out swinging
|
|
Batting: RHB Wilson Salgado
|
0-0: Swinging Strike 0-1: Ball 1-1: Ball 2-1: Ball 3-1: Base on Balls
|
|
Batting: RHB Ryan Cole
|
0-0: Ball 1-0: Ball 2-0: Called Strike 2-1: SINGLE (Line Drive, 7S, EV 111.9 MPH) Chris Foss to third Wilson Salgado to second
|
|
Batting: RHB Jose Hurtado
|
0-0: Ball 1-0: Ball Wild Pitch! Chris Foss scores Wilson Salgado to third Ryan Cole to second 2-0: Ball 3-0: Base on Balls
|
|
Batting: RHB Juan Gonzalez
|
0-0: Ball 1-0: Ball Wild Pitch! Wilson Salgado scores Ryan Cole to third Jose Hurtado to second 2-0: Called Strike 2-1: Fly out, F9 (Flyball, 89D, EV 88.8 MPH) Runner from 3rd tags up, SCORES, throw by RF Jose Hurtado to third
|
|
Batting: RHB Josh Maxwell
|
0-0: Called Strike 0-1: Called Strike 0-2: Strikes out swinging
|
| Bottom of the 3rd over - 3 runs, 2 hits, 0 errors, 1 left on base; Houston 1 - Americus 3 |
| TOP OF THE 4TH |
|
Houston Colt .45's batting - Pitching for Americus Braves : LHP Ji-chol Lee
|
|
Batting: RHB Jarno van Lente
|
0-0: Called Strike 0-1: Foul Ball, location: 2F 0-2: Strikes out looking
|
|
Batting: RHB Jamie Walker
|
0-0: Ground out U3 (Groundball, 34D, EV 109.4 MPH)
|
|
Batting: LHB Bert Middleton
|
0-0: Called Strike 0-1: Foul Ball, location: 2F 0-2: Strikes out swinging
|
| Top of the 4th over - 0 runs, 0 hits, 0 errors, 0 left on base; Houston 1 - Americus 3 |
| BOTTOM OF THE 4TH |
|
Americus Braves batting - Pitching for Houston Colt .45's : LHP Manny Muniz
|
|
Batting: RHB Bart Stevensdick
|
0-0: Ball 1-0: Ball 2-0: Called Strike 2-1: Ground out 5-3 (Groundball, 56S, EV 83.8 MPH)
|
|
Batting: LHB Pappy Sterile
|
0-0: Ball 1-0: Ground out 4-3 (Groundball, 4, EV 80.0 MPH)
|
|
Batting: RHB Chris Foss
|
0-0: Ball 1-0: Called Strike 1-1: Ball 2-1: Swinging Strike 2-2: Strikes out swinging
|
| Bottom of the 4th over - 0 runs, 0 hits, 0 errors, 0 left on base; Houston 1 - Americus 3 |
| TOP OF THE 5TH |
|
Houston Colt .45's batting - Pitching for Americus Braves : LHP Ji-chol Lee
|
|
Batting: RHB Patrick Pinault
|
0-0: Fly out, F8 (Line Drive, 89M, EV 111.9 MPH)
|
|
Batting: RHB Jesus Diego
|
0-0: Ball 1-0: Swinging Strike 1-1: SINGLE (Groundball, 56D, EV 108.8 MPH)
|
|
Batting: LHB Guadalupe Gonzalez
|
0-0: Ball 1-0: Ball 2-0: Ball 3-0: Foul Ball, location: 2F 3-1: Called Strike 3-2: Base on Balls Jesus Diego to second
|
|
Batting: RHB Josh Reisner
|
0-0: Ball 1-0: Foul Ball, location: 2F 1-1: Called Strike 1-2: Ball 2-2: Fly out, F8 (Flyball, 8RM, EV 85.0 MPH)
|
|
Batting: RHB Arnold Schuler
|
0-0: Ground out 5-3 (Groundball, 56S, EV 81.2 MPH)
|
| Top of the 5th over - 0 runs, 1 hit, 0 errors, 2 left on base; Houston 1 - Americus 3 |
| BOTTOM OF THE 5TH |
|
Americus Braves batting - Pitching for Houston Colt .45's : LHP Manny Muniz
|
|
Pitching: RHP Kurt Carr
|
|
|
Batting: RHB Alex Guerra
|
0-0: Called Strike 0-1: Fly out, F9 (Flyball, 9LS, EV 89.4 MPH)
|
|
Batting: RHB Wilson Salgado
|
0-0: Called Strike 0-1: SINGLE (Groundball, 56D, EV 111.2 MPH)
|
|
Batting: RHB Ryan Cole
|
0-0: Ball 1-0: Ball 2-0: Ball 3-0: Base on Balls Wilson Salgado to second
|
|
Batting: RHB Jose Hurtado
|
0-0: Ball 1-0: Called Strike 1-1: Called Strike 1-2: Strikes out swinging
|
|
Batting: RHB Juan Gonzalez
|
0-0: Ball 1-0: 3-RUN HOME RUN (Line Drive, 9D, EV 104.4 MPH), Distance : 384 ft
|
|
Batting: RHB Josh Maxwell
|
0-0: Called Strike 0-1: Called Strike 0-2: Foul Ball, location: 2F 0-2: Fly out, F6 (Popup, 6MS, EV 78.1 MPH)
|
| Bottom of the 5th over - 3 runs, 2 hits, 0 errors, 0 left on base; Houston 1 - Americus 6 |
| TOP OF THE 6TH |
|
Houston Colt .45's batting - Pitching for Americus Braves : LHP Ji-chol Lee
|
|
Batting: RHB Bill Borden
|
0-0: Called Strike 0-1: Ball 1-1: SOLO HOME RUN (Line Drive, 78XD, EV 114.4 MPH), Distance : 448 ft
|
|
Batting: RHB Jarno van Lente
|
0-0: Ball 1-0: Called Strike 1-1: Foul Ball, location: 2F 1-2: Strikes out swinging, 2-3 out at first.
|
|
Batting: RHB Jamie Walker
|
0-0: Ball 1-0: Foul Ball, location: 2F 1-1: Ball 2-1: Ground out 1-3 (Groundball, 13S, EV 74.4 MPH)
|
|
Batting: LHB Bert Middleton
|
0-0: Ball 1-0: Ball 2-0: Ball 3-0: Called Strike 3-1: Base on Balls
|
|
Batting: RHB Patrick Pinault
|
0-0: Called Strike 0-1: Fly out, F6 (Popup, 6MD, EV 46.9 MPH)
|
| Top of the 6th over - 1 run, 1 hit, 0 errors, 1 left on base; Houston 2 - Americus 6 |
| BOTTOM OF THE 6TH |
|
Americus Braves batting - Pitching for Houston Colt .45's : RHP Kurt Carr
|
|
Pitching: LHP Kimmo-Mikka Koistinen
|
|
|
Batting: RHB Bart Stevensdick
|
0-0: Called Strike 0-1: Ball 1-1: Foul Ball, location: 2F 1-2: Foul Ball, location: 2F 1-2: Strikes out swinging
|
|
Batting: LHB Pappy Sterile
|
0-0: Called Strike 0-1: Foul Ball, location: 2F 0-2: Ball 1-2: Strikes out looking
|
|
Batting: RHB Chris Foss
|
0-0: Ball 1-0: Ground out 6-3 (Groundball, 6, EV 88.1 MPH)
|
| Bottom of the 6th over - 0 runs, 0 hits, 0 errors, 0 left on base; Houston 2 - Americus 6 |
| TOP OF THE 7TH |
|
Houston Colt .45's batting - Pitching for Americus Braves : LHP Ji-chol Lee
|
|
Batting: RHB Jesus Diego
|
0-0: Called Strike 0-1: Called Strike 0-2: Strikes out swinging
|
|
Batting: LHB Guadalupe Gonzalez
|
0-0: Ground out 4-3 (Groundball, 4, EV 84.4 MPH)
|
|
Batting: RHB Josh Reisner
|
0-0: Called Strike 0-1: Swinging Strike 0-2: Ball 1-2: Foul Ball, location: 2F 1-2: Fly out, F9 (Line Drive, 9, EV 84.4 MPH)
|
| Top of the 7th over - 0 runs, 0 hits, 0 errors, 0 left on base; Houston 2 - Americus 6 |
| BOTTOM OF THE 7TH |
|
Americus Braves batting - Pitching for Houston Colt .45's : LHP Kimmo-Mikka Koistinen
|
|
Batting: RHB Alex Guerra
|
0-0: Ball 1-0: Called Strike 1-1: Ball 2-1: Foul Ball, location: 2F 2-2: SOLO HOME RUN (Flyball, 78XD, EV 101.2 MPH), Distance : 434 ft
|
|
Batting: RHB Wilson Salgado
|
0-0: Ball 1-0: Ball 2-0: Ball 3-0: Base on Balls
|
|
Pitching: LHP Jordan Garcia
|
|
|
Batting: RHB Ryan Cole
|
0-0: Foul Ball, location: 2F 0-1: Swinging Strike Passed Ball! Wilson Salgado to second 0-2: Ball 1-2: Ball 2-2: Foul Ball, location: 2F 2-2: Ball 3-2: Ground out 6-3 (Groundball, 6, EV 106.2 MPH)
|
|
Batting: RHB Jose Hurtado
|
0-0: Called Strike 0-1: Fly out, F8 (Line Drive, 8RD, EV 101.2 MPH)
|
|
Batting: RHB Juan Gonzalez
|
0-0: Ball 1-0: Called Strike 1-1: SINGLE (Groundball, 4MD, EV 96.9 MPH) Wilson Salgado to third Runner from 3rd tries for Home, SAFE, throw by CF to home
|
|
Batting: RHB Josh Maxwell
|
0-0: Ball 1-0: Foul Ball, location: 2F 1-1: Foul Ball, location: 2F 1-2: Foul Ball, location: 2F 1-2: Foul Ball, location: 2F 1-2: Ball 2-2: Ball 3-2: Strikes out swinging
|
| Bottom of the 7th over - 2 runs, 2 hits, 0 errors, 1 left on base; Houston 2 - Americus 8 |
| TOP OF THE 8TH |
|
Houston Colt .45's batting - Pitching for Americus Braves : LHP Ji-chol Lee
|
|
Batting: RHB Arnold Schuler
|
0-0: Foul Ball, location: 2F 0-1: Ball 1-1: Ground out 5-3 (Groundball, 5S, EV 80.6 MPH)
|
|
Batting: RHB Bill Borden
|
0-0: Ground out 4-3 (Groundball, 34, EV 76.9 MPH)
|
|
Batting: RHB Jarno van Lente
|
0-0: Ball 1-0: DOUBLE (Line Drive, 5D, EV 95.0 MPH)
|
|
Batting: RHB Jamie Walker
|
0-0: Ball 1-0: Ball 2-0: Ball 3-0: Called Strike 3-1: Foul Ball, location: 2F 3-2: Base on Balls
|
|
Pitching: RHP Aaron Frey
|
|
|
Batting: LHB Bert Middleton
|
0-0: Foul Ball, location: 2F 0-1: Ball 1-1: Ball 2-1: Ball Wild Pitch! Jarno van Lente to third Jamie Walker to second 3-1: Base on Balls
|
|
Batting: RHB Patrick Pinault
|
0-0: Called Strike 0-1: Ball 1-1: Called Strike 1-2: SINGLE (Line Drive, 78S, EV 111.9 MPH) Jarno van Lente scores Jamie Walker to third Bert Middleton to second Runner from 3rd tries for Home, SAFE, throw by LF to home
|
|
Batting: RHB Jesus Diego
|
0-0: Fly out, F8 (Line Drive, 78M, EV 85.0 MPH)
|
| Top of the 8th over - 2 runs, 2 hits, 0 errors, 2 left on base; Houston 4 - Americus 8 |
| BOTTOM OF THE 8TH |
|
Americus Braves batting - Pitching for Houston Colt .45's : LHP Jordan Garcia
|
|
Pitching: LHP Chase Smith
|
|
|
Batting: RHB Bart Stevensdick
|
0-0: Called Strike 0-1: Ball 1-1: Foul Ball, location: 2F 1-2: Foul Ball, location: 2F 1-2: SINGLE (Groundball, 6MD, EV 101.2 MPH)
|
|
Batting: LHB Pappy Sterile
|
0-0: Sac Bunt to P - play at first, batter OUT! 1-3 Bart Stevensdick to second
|
|
Batting: RHB Chris Foss
|
0-0: Foul Ball, location: 2F 0-1: Fly out, F4 (Popup, 23, EV 83.1 MPH)
|
|
Batting: RHB Alex Guerra
|
0-0: Called Strike 0-1: Swinging Strike 0-2: Fly out, F7 (Flyball, 78M, EV 93.8 MPH)
|
| Bottom of the 8th over - 0 runs, 1 hit, 0 errors, 1 left on base; Houston 4 - Americus 8 |
| TOP OF THE 9TH |
|
Houston Colt .45's batting - Pitching for Americus Braves : RHP Aaron Frey
|
|
Batting: LHB Guadalupe Gonzalez
|
0-0: Foul Ball, location: 2F 0-1: Ball 1-1: Ball 2-1: Fly out, F8 (Flyball, 8RD, EV 91.9 MPH)
|
|
Pinch Hitting: LHB Ryan Fridley
|
0-0: Ball 1-0: Fly out, F7 (Flyball, 78S, EV 88.8 MPH)
|
|
Batting: RHB Arnold Schuler
|
0-0: Ground out 5-3 (Groundball, 56S, EV 82.5 MPH)
|
| Top of the 9th over - 0 runs, 0 hits, 0 errors, 0 left on base; Houston 4 - Americus 8 |
|